 Dungeon Crawl Stone Soup version 0.30-a0-422-g946f4849ff (webtiles) character file.

Game seed: 7425707164791566166

91 pokeman the Magician (level 4, -2/25 HPs)
             Began as a Deep Elf Hedge Wizard on Dec 9, 2022.
             Was an Initiate of Vehumet.
             Slain by Grinder (6 damage)
             ... while paralysed by Grinder
             ... on level 3 of the Dungeon.
             The game lasted 00:03:33 (2302 turns).

pokeman the Magician (Deep Elf Hedge Wizard)        Turns: 2302, Time: 00:03:34

Health: -2/25      AC: 10    Str:  7    XL:     4   Next: 33%
Magic:  21/22      EV:  2    Int: 21    God:    Vehumet [......]
Gold:   93         SH:  0    Dex: 14    Spells: 6/14 levels left

rFire   . . .      SeeInvis .    k - +2 mace (protect)
rCold   . . .      Faith    .    (no shield)
rNeg    . . .      Spirit   .    b - +0 robe
rPois   .          Reflect  .    c - +0 hat
rElec   .          Harm     .    (no cloak)
rCorr   .          Rampage  .    (no gloves)
Will    .....                    l - +0 pair of boots
Stlth   ++........               (no amulet)
HPRegen 0.24/turn                n - ring of magical power
MPRegen 0.18/turn                (no ring)

@: paralysed, under a protective aura
A: no striking features
a: Renounce Religion


You were on level 3 of the Dungeon.
You worshipped Vehumet.
Vehumet was noncommittal.
You visited 1 branch of the dungeon, and saw 3 of its levels.

You collected 93 gold pieces.

Inventory:

Hand Weapons
 k - a +2 mace of protection (weapon)
Armour
 b - a +0 robe (worn)
 c - a +0 hat (worn)
 l - a +0 pair of boots (worn)
 o - the +1 leather armour of Facoxuig {+Blink Fly Dex+3 Slay-6}
   (You found it on level 3 of the Dungeon)

   Dex:       It affects your dexterity (+3).
   Slay:      It affects your accuracy & damage with ranged weapons and melee
   (-6).
   Fly:       It grants you flight.
   +Blink:    It lets you blink.
Jewellery
 n - a ring of magical power (left hand)
Scrolls
 a - a scroll of enchant armour {unknown}
 e - a scroll of fog {unknown}
 f - 4 scrolls of teleportation {unknown}
 g - 3 scrolls of identify {unknown}
 h - a scroll of blinking {unknown}
 i - 2 scrolls of amnesia {unknown}
 j - a scroll of silence {unknown}
Potions
 d - a potion of magic
 m - a potion of invisibility {unknown}


   Skills:
 - Level 1.0 Fighting
 - Level 1.0 Armour
 + Level 2.7 Dodging
 + Level 2.6 Stealth
 * Level 5.6 Spellcasting
 + Level 2.2 Conjurations
 - Level 1.1 Summonings
 - Level 1.1 Translocations


You had 6 spell levels left.
You knew the following spells:

 Your Spells              Type           Power      Damage    Failure   Level
a - Magic Dart            Conj           60%        1d6       4%          1
b - Mephitic Cloud        Conj/Pois/Air  9%         N/A       22%         3
c - Call Imp              Summ           10%        N/A       10%         2
d - Blink                 Tloc           20%        N/A       10%         2

Your spell library contained the following spells:

 Spells                   Type           Power      Damage    Failure   Level
 Apportation              Tloc           20%        N/A       6%          1
 Slow                     Hex            20%        N/A       10%         1
 Cigotuvi's Dreadful Rot  Necr/Pois/Air  10%        N/A       16%         2
 Portal Projectile        Hex/Tloc       16%        N/A       24%         3
 Tukima's Dance           Hex            5%         N/A       30%         3
 Blade Hands              Tmut           2%         N/A       95%         5


Dungeon Overview and Level Annotations

Branches:
Dungeon (3/15)

Altars:
Kikubaaqudgha
Sif Muna
Vehumet

Annotations:
D:3 Grinder


Message History

Grinder is lightly wounded.
Grinder blinks!
Unknown command.
You closely miss Grinder.
Grinder is lightly wounded.
Grinder misses you.
You thump Grinder!
Your weapon exudes an aura of protection.
You punch Grinder.
Grinder is moderately wounded.
Grinder hits you but does no damage.
You sock Grinder!
Grinder is heavily wounded.
Grinder says, "What is the universe for?"
Grinder hits you but does no damage. Grinder gestures at you.
You resist with significant effort.
You hit Grinder but do no damage.
Grinder is heavily wounded.
Grinder barely misses you.
You hit Grinder but do no damage.
Grinder is heavily wounded.
Grinder gestures at you. You resist with significant effort.
Grinder barely misses you.
You hit Grinder.
Grinder is heavily wounded.
Grinder completely misses you.
You barely miss Grinder.
Grinder is heavily wounded.
Grinder barely misses you.
You hit Grinder.
Grinder is severely wounded.
Grinder gestures at you. Pain shoots through your body!
Grinder gestures at you.
You suddenly lose the ability to move!
Grinder hits you!
* * * LOW HITPOINT WARNING * * *
You writhe in agony.
You die...

#.### ....# ...#
..######## ...#
#........# +#...#+
########.########.....###
########.#......@........
.................5.8.)...
#######.#................
#<#.#.....###.....###
#####.#.##...## +#...#+
......#.##...# ...#
.....##.##...# ...#
.....##..+...# ....#
.....#####.... #####


You could see Grinder.

Vanquished Creatures
  2 gnolls (D:2)
  2 dart slugs (D:2)
  5 ball pythons
  5 endoplasms
  6 goblins
  5 hobgoblins
  6 jackals (D:1)
  4 kobolds
  A quokka (D:2)
  7 bats
  5 frilled lizards
  6 rats
54 creatures vanquished.

Vanquished Creatures (collateral kills)
  A gnoll (D:2)
1 creature vanquished.

Grand Total: 55 creatures vanquished

Notes
Turn   | Place    | Note
-------+----------+-------------------------------------------
     0 | D:1      | pokeman the Deep Elf Hedge Wizard began the quest for the
                  | Orb.
     0 | D:1      | Reached XP level 1. HP: 10/10 MP: 7/7
     5 | D:1      | You fall into a shaft and drop 1 floor!
   215 | D:1      | Reached XP level 2. HP: 16/16 MP: 5/9
   607 | D:1      | Reached skill level 5 in Spellcasting
   822 | D:2      | Reached XP level 3. HP: 20/20 MP: 9/11
   826 | D:2      | Learned a level 3 spell: Mephitic Cloud
   829 | D:2      | Learned a level 2 spell: Call Imp
   832 | D:2      | Learned a level 2 spell: Blink
  1129 | D:2      | Reached skill level 1 in Fighting
  1139 | D:2      | Reached skill level 1 in Armour
  1154 | D:2      | Reached XP level 4. HP: 17/25 MP: 1/13
  2174 | D:3      | Found a shimmering blue altar of Sif Muna.
  2192 | D:3      | Found an ancient bone altar of Kikubaaqudgha.
  2193 | D:3      | Found a radiant altar of Vehumet.
  2198 | D:3      | Got Sif Muna's Verses on the Traveller
  2206 | D:3      | Became a worshipper of Vehumet
  2288 | D:3      | Identified the +1 leather armour of Facoxuig {+Blink Fly
                  | Dex+3 Slay-6}
  2288 | D:3      | Noticed Grinder
  2301 | D:3      | Paralysed by Grinder for 4 turns
  2302 | D:3      | Slain by Grinder

Illustrated notes

Levels and vault maps discovered:
D:1:      minmay_arrival_four_houses, layout_rooms
D:2:      minmay_evil_eye, layout_basic, serial_glass, glass_columns_a,
          glass_columns_c, minmay_surrounded
D:3:      layout_basic, grunt_temple_overflow_magic_moments, fedhas_altar_4,
          grunt_ministairs_6, kennysheep_generic_room_11, uniq_grinder

Skill      XL: |  1  2  3 |
---------------+----------+-----
Spellcasting   | 5 |  5.6
Fighting       | 1 |  1.0
Armour         | 1 |  1.0
Conjurations   | 2 |  2.2
Dodging        | |  2.7
Stealth        | |  2.6
Summonings     | |  1.1
Translocations | |  1.1

Action                   |  1- 3 |  4- 6 || total
-------------------------+-------+-------++-------
Melee: Dagger            |    12 |       ||    12
       Mace              |    16 |     8 ||    24
       Punch             |       |     1 ||     1
 Cast: Magic Dart        |    61 |    40 ||   101
       Mephitic Cloud    |     3 |       ||     3
       Call Imp          |     1 |       ||     1
 Stab: Confused          |     2 |       ||     2
Armor: Robe              |     7 |     2 ||     9
Dodge: Dodged            |    26 |     6 ||    32

Table legend: (Time is in decaauts)
 A = Elapsed time spent in this place.
 B = Non-inter-level travel time spent in this place.
 C = Inter-level travel time spent in this place.
 D = Time resting spent in this place.
 E = Time spent auto-exploring this place.
 F = Levels seen in this place.
 G = Mean time per level.
                   A        B        C        D        E       F      G
               +--------+--------+--------+--------+--------+-----+--------+
         Total |   2309 |   2288 |     21 |     54 |   1901 |   3 |  769.7 |
       Dungeon |   2309 |   2288 |     21 |     54 |   1901 |   3 |  769.7 |
               +--------+--------+--------+--------+--------+-----+--------+

Top non-repeatable levels by time:
     D:2: 1335 daAuts
     D:1: 818 daAuts
     D:3: 156 daAuts
